PL
BOSTON PATRIOTS @ PHOENIX HOTSPUR
05/26/2031
 
TOP OF THE 1ST
Boston Patriots batting - Pitching for Phoenix Hotspur : RHP Miguel Rubia
Pitching: RHP Miguel Rubia
Batting: LHB Stanley Belote 0-0: Called Strike
0-1: Foul Ball, location: 2F
0-2: Strikes out swinging
Batting: RHB Ulbert Sutkamp 0-0: Ball
1-0: Called Strike
1-1: Swinging Strike
1-2: Foul Ball, location: 2F
1-2: Ball
2-2: Strikes out looking
Batting: RHB Omer Yurtseven 0-0: Ball
1-0: Ball
2-0: Fly out, F8 (Flyball, 89D)
Top of the 1st over - 0 runs, 0 hits, 0 errors, 0 left on base; Boston 0 - Phoenix 0
BOTTOM OF THE 1ST
Phoenix Hotspur batting - Pitching for Boston Patriots : RHP Lúcio Sánchez
Pitching: RHP Lúcio Sánchez
Batting: RHB Roland Deschain 0-0: Ball
1-0: Ball
2-0: Ground out 5-3 (Groundball, 56)
Batting: LHB Francisco García 0-0: Foul Ball, location: 2F
0-1: SINGLE (Line Drive, 9S)
Batting: LHB Harumi Takaki 0-0: Ball
1-0: Called Strike
1-1: Foul Ball, location: 2F
1-2: SINGLE (Groundball, 2R) (infield hit)
Francisco García to second
Batting: RHB Gabriel Pérez 0-0: Ball
Harumi Takaki steals 2nd base
Francisco García to third
1-0: Called Strike
1-1: Ball
2-1: Foul Ball, location: 2F
2-2: Ball
3-2: Base on Balls
Batting: LHB Tadayoshi Watanabe 0-0: Foul Ball, location: 2F
0-1: Swinging Strike
0-2: Grounds into double play, U6-3 (Groundball, 4MD)
Bottom of the 1st over - 0 runs, 2 hits, 0 errors, 2 left on base; Boston 0 - Phoenix 0
TOP OF THE 2ND
Boston Patriots batting - Pitching for Phoenix Hotspur : RHP Miguel Rubia
Batting: LHB Jorge Alejándrez 0-0: Ground out 4-3 (Groundball, 4)
Batting: LHB Melvin Castro 0-0: Ball
1-0: SINGLE (Line Drive, 4MD)
Batting: LHB Hideki Hisanobu 0-0: Ball
1-0: Foul Ball, location: 2F
1-1: Ball
2-1: Ball
3-1: Called Strike
3-2: Strikes out swinging
Batting: LHB Bill Chambers 0-0: Called Strike
0-1: Ground out U3 (Groundball, 3)
Top of the 2nd over - 0 runs, 1 hit, 0 errors, 1 left on base; Boston 0 - Phoenix 0
BOTTOM OF THE 2ND
Phoenix Hotspur batting - Pitching for Boston Patriots : RHP Lúcio Sánchez
Batting: RHB Randy Rehling 0-0: Foul Ball, location: 2F
0-1: Ball
1-1: Ball
2-1: Ball
3-1: Foul Ball, location: 2F
3-2: Foul Ball, location: 2F
3-2: Foul Ball, location: 2F
3-2: Foul Ball, location: 2F
3-2: Foul Ball, location: 2F
3-2: Strikes out swinging
Batting: LHB Wagaw Lukongolo 0-0: TRIPLE (Flyball, 89XD)
Batting: RHB Enrico Sánchez 0-0: Ball
1-0: Ground out 3-1 (Groundball, 34)
Wagaw Lukongolo scores
Batting: RHB Julián De Paz 0-0: Ball
1-0: Ground out 5-3 (Groundball, 56S)
Bottom of the 2nd over - 1 run, 1 hit, 0 errors, 0 left on base; Boston 0 - Phoenix 1
TOP OF THE 3RD
Boston Patriots batting - Pitching for Phoenix Hotspur : RHP Miguel Rubia
Batting: RHB Juan Tellado 0-0: Foul Ball, location: 2F
0-1: Fly out, F8 (Flyball, 8LD)
Batting: RHB Francisco Agámez 0-0: Called Strike
0-1: Ball
1-1: Foul Ball, location: 2F
1-2: Foul Ball, location: 2F
1-2: Strikes out swinging
Batting: LHB Stanley Belote 0-0: Ball
1-0: Ball
2-0: Ground out 3-1 (Groundball, 34)
Top of the 3rd over - 0 runs, 0 hits, 0 errors, 0 left on base; Boston 0 - Phoenix 1
BOTTOM OF THE 3RD
Phoenix Hotspur batting - Pitching for Boston Patriots : RHP Lúcio Sánchez
Batting: RHB Roland Deschain 0-0: SINGLE (Groundball, 56D)
Batting: LHB Francisco García 0-0: Ball
1-0: Ball
2-0: Ball
3-0: Base on Balls
Roland Deschain to second
Batting: LHB Harumi Takaki 0-0: Swinging Strike
0-1: Ball
1-1: Ball
2-1: DOUBLE (Flyball, 8RXD)
Roland Deschain scores
Francisco García to third
Batting: RHB Gabriel Pérez 0-0: Foul Ball, location: 2F
0-1: Ball
1-1: Ball
2-1: Called Strike
2-2: Foul Ball, location: 2F
2-2: Foul Ball, location: 2F
2-2: Strikes out swinging
Batting: LHB Tadayoshi Watanabe 0-0: Ball
1-0: Ball
2-0: Ball
3-0: Base on Balls
Batting: RHB Randy Rehling 0-0: Grounds into double play, 5-4-3 (Groundball, 56)
Bottom of the 3rd over - 1 run, 2 hits, 0 errors, 2 left on base; Boston 0 - Phoenix 2
TOP OF THE 4TH
Boston Patriots batting - Pitching for Phoenix Hotspur : RHP Miguel Rubia
Batting: RHB Ulbert Sutkamp 0-0: Ball
1-0: SINGLE (Groundball, 6MD)
Batting: RHB Omer Yurtseven 0-0: Called Strike
0-1: Foul Ball, location: 2F
0-2: Strikes out swinging
Batting: LHB Jorge Alejándrez 0-0: Called Strike
0-1: Ball
1-1: Swinging Strike
1-2: Ball
2-2: Fielders Choice at 2nd, 6-4 (Groundball, 56)
Batting: LHB Melvin Castro 0-0: Called Strike
0-1: Ball
1-1: Foul Ball, location: 2F
1-2: SINGLE (Flyball, 4D)
Jorge Alejándrez to second
Runner from 2nd tries for 3rd, SAFE, no throw
Batting: LHB Hideki Hisanobu 0-0: Ball
1-0: Fielders Choice at 2nd, 6-4 (Groundball, 6)
Top of the 4th over - 0 runs, 2 hits, 0 errors, 2 left on base; Boston 0 - Phoenix 2
BOTTOM OF THE 4TH
Phoenix Hotspur batting - Pitching for Boston Patriots : RHP Lúcio Sánchez
Batting: LHB Wagaw Lukongolo 0-0: Ball
1-0: Ground out 6-3 (Groundball, 6)
Batting: RHB Enrico Sánchez 0-0: Ball
1-0: Foul Ball, location: 2F
1-1: Foul Ball, location: 2F
1-2: Ball
2-2: Ground out U3 (Groundball, 34)
Batting: RHB Julián De Paz 0-0: Called Strike
0-1: Ground out 6-3 (Groundball, 6)
Bottom of the 4th over - 0 runs, 0 hits, 0 errors, 0 left on base; Boston 0 - Phoenix 2
TOP OF THE 5TH
Boston Patriots batting - Pitching for Phoenix Hotspur : RHP Miguel Rubia
Batting: LHB Bill Chambers 0-0: Called Strike
0-1: Ball
1-1: Foul Ball, location: 2F
1-2: Ball
2-2: Foul Ball, location: 2F
2-2: DOUBLE (Line Drive, 78XD)
Batting: RHB Juan Tellado 0-0: Ball
1-0: Ball
2-0: Foul Ball, location: 2F
2-1: Ball
3-1: Base on Balls
Batting: RHB Francisco Agámez 0-0: Ball
1-0: Foul Ball, location: 2F
1-1: Foul Ball, location: 2F
1-2: Foul Ball, location: 2F
1-2: Foul Ball, location: 2F
1-2: Ball
2-2: Foul Ball, location: 2F
2-2: Fly out, F7 (Flyball, 7)
Batting: LHB Stanley Belote 0-0: Called Strike
0-1: Swinging Strike
0-2: Strikes out looking
Batting: RHB Ulbert Sutkamp 0-0: Called Strike
0-1: Swinging Strike
0-2: Foul Ball, location: 2F
0-2: Strikes out looking
Top of the 5th over - 0 runs, 1 hit, 0 errors, 2 left on base; Boston 0 - Phoenix 2
BOTTOM OF THE 5TH
Phoenix Hotspur batting - Pitching for Boston Patriots : RHP Lúcio Sánchez
Batting: RHB Roland Deschain 0-0: Called Strike
0-1: SINGLE (Groundball, 56D)
Batting: LHB Francisco García 0-0: Ball
1-0: Sac Bunt - play at first, batter OUT! U3
Roland Deschain to second
Batting: LHB Harumi Takaki 0-0: Intentional Walk
Batting: RHB Gabriel Pérez 0-0: Ball
Harumi Takaki steals 2nd base
Roland Deschain to third
1-0: Called Strike
1-1: Swinging Strike
1-2: Ball
2-2: SINGLE (Groundball, 56S) (infield hit)
Roland Deschain scores
Harumi Takaki to third
Batting: LHB Tadayoshi Watanabe 0-0: Fly out, F9 (Flyball, 9LS)
Batting: RHB Randy Rehling 0-0: Called Strike
0-1: Foul Ball, location: 2F
0-2: Foul Ball, location: 2F
0-2: Ball
1-2: Ball
2-2: Foul Ball, location: 2F
2-2: Foul Ball, location: 2F
2-2: Foul Ball, location: 2F
2-2: Ground out 3-1 (Groundball, 34S)
Bottom of the 5th over - 1 run, 2 hits, 0 errors, 2 left on base; Boston 0 - Phoenix 3
TOP OF THE 6TH
Boston Patriots batting - Pitching for Phoenix Hotspur : RHP Miguel Rubia
Batting: RHB Omer Yurtseven 0-0: Swinging Strike
0-1: Called Strike
0-2: Ground out 6-3 (Groundball, 56)
Batting: LHB Jorge Alejándrez 0-0: Foul Ball, location: 2F
0-1: Swinging Strike
0-2: Foul Ball, location: 2F
0-2: Hit by Pitch
Batting: LHB Melvin Castro 0-0: Ball
1-0: Ball
2-0: Ground out 4-3 (Groundball, 34)
Jorge Alejándrez to second
Batting: LHB Hideki Hisanobu 0-0: Ball
1-0: Called Strike
1-1: Ball
2-1: Ball
3-1: Foul Ball, location: 2F
3-2: Foul Ball, location: 2F
3-2: Base on Balls
Batting: LHB Bill Chambers 0-0: Ball
1-0: Fly out, F8 (Flyball, 8RD)
Top of the 6th over - 0 runs, 0 hits, 0 errors, 2 left on base; Boston 0 - Phoenix 3
BOTTOM OF THE 6TH
Phoenix Hotspur batting - Pitching for Boston Patriots : RHP Lúcio Sánchez
Batting: LHB Wagaw Lukongolo 0-0: Ball
1-0: Called Strike
1-1: Ground out 1-3 (Groundball, P)
Batting: RHB Enrico Sánchez 0-0: Ground out 6-3 (Groundball, 6)
Batting: RHB Julián De Paz 0-0: Ball
1-0: Called Strike
1-1: Ball
2-1: Called Strike
2-2: Ball
3-2: Ground out 5-3 (Groundball, 56S)
Bottom of the 6th over - 0 runs, 0 hits, 0 errors, 0 left on base; Boston 0 - Phoenix 3
TOP OF THE 7TH
Boston Patriots batting - Pitching for Phoenix Hotspur : RHP Miguel Rubia
Batting: RHB Juan Tellado 0-0: Ground out 5-3 (Groundball, 5)
Batting: RHB Francisco Agámez 0-0: Ball
1-0: Called Strike
1-1: Swinging Strike
1-2: Ball
2-2: Strikes out looking
Batting: LHB Stanley Belote 0-0: Ball
1-0: Ground out 1-3 (Groundball, 15S)
Top of the 7th over - 0 runs, 0 hits, 0 errors, 0 left on base; Boston 0 - Phoenix 3
BOTTOM OF THE 7TH
Phoenix Hotspur batting - Pitching for Boston Patriots : RHP Lúcio Sánchez
Batting: RHB Roland Deschain 0-0: Ball
1-0: Ball
2-0: Called Strike
2-1: SINGLE (Line Drive, 4D)
Pitching: LHP José Sánchez
Batting: LHB Francisco García 0-0: Called Strike
0-1: Swinging Strike
0-2: Strikes out swinging
Batting: LHB Harumi Takaki 0-0: Ball
1-0: Ball
2-0: Swinging Strike
2-1: Foul Ball, location: 2F
2-2: Ball
3-2: Foul Ball, location: 2F
3-2: Fly out, F9 (Flyball, 89S)
Batting: RHB Gabriel Pérez 0-0: Ball
1-0: Ball
2-0: SINGLE (Flyball, 89M)
Roland Deschain to second
Runner from 2nd tries for 3rd, SAFE, no throw
Batting: LHB Tadayoshi Watanabe 0-0: Called Strike
0-1: Ball
1-1: Ground out 3-1 (Groundball, 3)
Bottom of the 7th over - 0 runs, 2 hits, 0 errors, 2 left on base; Boston 0 - Phoenix 3
TOP OF THE 8TH
Boston Patriots batting - Pitching for Phoenix Hotspur : RHP Miguel Rubia
Batting: RHB Ulbert Sutkamp 0-0: Called Strike
0-1: Foul Ball, location: 2F
0-2: Ball
1-2: Strikes out swinging
Batting: RHB Omer Yurtseven 0-0: Ball
1-0: Called Strike
1-1: Ball
2-1: Foul Ball, location: 2F
2-2: Fly out, F3 (Popup, 34S)
Batting: LHB Jorge Alejándrez 0-0: Called Strike
0-1: Ball
1-1: Fly out, F7 (Line Drive, 7LM)
Top of the 8th over - 0 runs, 0 hits, 0 errors, 0 left on base; Boston 0 - Phoenix 3
BOTTOM OF THE 8TH
Phoenix Hotspur batting - Pitching for Boston Patriots : LHP José Sánchez
Batting: RHB Randy Rehling 0-0: Called Strike
0-1: Ball
1-1: Called Strike
1-2: Foul Ball, location: 2F
1-2: Ball
2-2: SINGLE (Line Drive, 34)
Batting: LHB Wagaw Lukongolo 0-0: Fielders Choice at 2nd, 3-6 (Groundball, 3)
Batting: RHB Enrico Sánchez 0-0: Ball
1-0: Called Strike
1-1: Ball
2-1: Fly out, F9 (Flyball, 89M)
Batting: RHB Julián De Paz 0-0: Called Strike
0-1: Ball
1-1: Called Strike
1-2: DOUBLE (Flyball, 8LXD)
Wagaw Lukongolo to third
Runner from 3rd tries for Home, SAFE, no throw
Batting: RHB Roland Deschain 0-0: Foul Ball, location: 2F
0-1: Ground out 6-3 (Groundball, 6D)
Bottom of the 8th over - 1 run, 2 hits, 0 errors, 1 left on base; Boston 0 - Phoenix 4
TOP OF THE 9TH
Boston Patriots batting - Pitching for Phoenix Hotspur : RHP Miguel Rubia
Batting: LHB Melvin Castro 0-0: Ball
1-0: Ball
2-0: Fly out, F3 (Line Drive, 3S)
Batting: LHB Hideki Hisanobu 0-0: Ball
1-0: Ball
2-0: Called Strike
2-1: Foul Ball, location: 2F
2-2: Strikes out swinging
Batting: LHB Bill Chambers 0-0: Foul Ball, location: 2F
0-1: Foul Ball, location: 2F
0-2: Ball
1-2: Strikes out swinging
Top of the 9th over - 0 runs, 0 hits, 0 errors, 0 left on base; Boston 0 - Phoenix 4
Tuesday, June 12th, 2018 - OOTP Baseball 18.8 Build 76